 Dungeon Crawl Stone Soup version 0.30-a0-782-ge64f9170bb (console) character file.

Game seed: 10756545280363781107

540 utis the Conjurer (level 7, -4/40 HPs)
             Began as a Tengu Wanderer on Mar 9, 2023.
             Slain by an ogre
             ... wielding a +0 giant club
              (15 damage)
             ... on level 5 of the Dungeon.
             The game lasted 00:21:51 (5440 turns).

utis the Conjurer (Tengu Wanderer)                  Turns: 5440, Time: 00:21:51

Health: -4/40      AC:  9    Str: 12    XL:     7   Next: 26%
Magic:  4/12       EV: 13    Int: 16    God:
Gold:   197        SH:  0    Dex: 15    Spells: 1/11 levels left

rFire   . . .      SeeInvis .    a - +0 flail (drain)
rCold   . . .      Faith    .    (no shield)
rNeg    + . .      Spirit   .    l - +1 ring mail
rPois   .          Reflect  .    (helmet restricted)
rElec   .          Harm     .    (no cloak)
rCorr   .          Rampage  .    x - +2 pair of gloves of the Heavens {rN+ Str+3}
Will    .....                    (boots unavailable)
Stlth   +                        g - amulet of regeneration {@e1}
HPRegen 1.06/turn                Y - +4 ring of slaying
MPRegen 0.13/turn                (no ring)

@: flying quickly and evasively, very slightly contaminated, quick
A: beak, talons 3, nimble flight
a: no special abilities


You were on level 5 of the Dungeon.
You visited 1 branch of the dungeon, and saw 5 of its levels.

You collected 197 gold pieces.

Inventory:

Hand Weapons
 a - a +0 flail of draining (weapon)
 j - a +0 dagger
 y - a +0 flail
 G - a +0 dagger
Missiles
 t - 42 stones
 v - 5 javelins
 B - 2 throwing nets {=f}
 D - 3 boomerangs
 H - 5 poisoned darts
Armour
 d - a +0 robe
 i - a +0 leather armour
 l - a +1 ring mail (worn)
 p - a +0 chain mail
 x - the +2 pair of gloves of the Heavens (worn) {rN+ Str+3}
   (You found it on level 3 of the Dungeon)

   Str:       It affects your strength (+3).
   rN:        It protects you from negative energy.
 z - a +0 scale mail
Magical Staves
 I - a staff of cold
Jewellery
 g - an amulet of regeneration (around neck) {@e1}
 A - an amulet of reflection
 F - the amulet "Paker" {Faith Rampage Will+ Stlth-}
   (You found it on level 4 of the Dungeon)

   [amulet of faith]

   It allows you to gain divine favour quickly.
   Rampage:   It bestows one free step when moving towards enemies.
   Will:      It increases your willpower.
   Stlth:     It makes you less stealthy.
 S - a +6 ring of strength
 Y - a +4 ring of slaying (left hand)
Scrolls
 c - a scroll of silence {!r}
 e - 2 scrolls of vulnerability
 f - 2 scrolls of poison
 n - a scroll of teleportation {unknown}
 q - a scroll of magic mapping
 r - a scroll of summoning {unknown}
 w - a scroll of enchant armour
Potions
 b - a potion of berserk rage {!q}
 h - 2 potions of heal wounds {@q2}
 k - a potion of attraction
 m - a potion of degeneration {unknown}
 o - 3 potions of curing {@q1}
 s - 4 potions of might
 u - a potion of cancellation {unknown}
 C - a potion of flight
 E - a potion of ambrosia {unknown}


   Skills:
 - Level 2.8 Fighting
 - Level 3.2 Dodging
 - Level 2.1 Unarmed Combat
 + Level 2.7 Spellcasting
 + Level 6.0 Conjurations
 - Level 3.0 Necromancy
 + Level 2.8 Air Magic
 + Level 2.0 Poison Magic
 - Level 1.0 Evocations


You had one spell level left.
You knew the following spells:

 Your Spells              Type           Power      Damage    Failure   Level
p - Mephitic Cloud        Conj/Pois/Air  13%        N/A       30%         3
y - Searing Ray           Conj           42%        2d6       5%          2
W - Cigotuvi's Dreadful   Necr/Pois/Air  20%        N/A       22%         2
X - Poisonous Vapours     Pois/Air       20%        N/A       24%         2
Y - Kiss of Death         Conj/Necr      64%        2d10      7%          1

Your spell library contained the following spells:

 Spells                   Type           Power      Damage    Failure   Level
 Freeze                   Ice            8%         1d3       41%         1
 Hailstorm                Conj/Ice       11%        3d5       36%         3
 Sticky Flame             Conj/Fire      11%        2d3       77%         4
 Frozen Ramparts          Ice            4%         1d1       78%         3


Dungeon Overview and Level Annotations

Branches:
Dungeon (5/15)             Temple (0/1) D:5

Altars:
Ashenzari
Cheibriados
Dithmenos
Elyvilon
Hepliaklqana
Makhleb
Ru
Trog
Uskayaw
Yredelemnul


Innate Abilities, Weirdness & Mutations

You have a beak for a mouth.
You have claws for feet.
Your magical nature lets you fly swiftly and evasively.


Message History

Press: ? - help, Dir - move target, f - ogre
Aim: an ogre, wielding a +0 giant club You miscast Poisonous Vapours.
You are very lightly contaminated with residual magic.
Nothing appears to happen.
Casting: Poisonous Vapours (dangerous; 24% risk of failure)
Confirm with . or Enter, or press ? or * to list all spells.
Aiming: Poisonous Vapours (dangerous; 24% risk of failure)
Press: ? - help, Dir - move target, f/p - ogre
Aim: an ogre, wielding a +0 giant club You miscast Poisonous Vapours.
Nothing appears to happen.
Casting: Poisonous Vapours (dangerous; 24% risk of failure)
Confirm with . or Enter, or press ? or * to list all spells.
Aiming: Poisonous Vapours (dangerous; 24% risk of failure)
Press: ? - help, Dir - move target, f/p - ogre
Aim: an ogre, wielding a +0 giant club You miscast Poisonous Vapours.
Nothing appears to happen.
There is a stone staircase leading up here.
Your magical contamination has completely faded away.
There is a stone staircase leading up here.
You miscast Searing Ray.
You are very lightly contaminated with residual magic.
Nothing appears to happen.
The searing ray hits the ogre.
The ogre is lightly wounded. (Press . to maintain the ray.)
The searing ray hits the ogre!
The ogre is moderately wounded.
The searing ray hits the ogre!
The ogre is severely wounded.
* * * LOW MAGIC WARNING * * *
The ogre hits you with a +0 giant club!!
Ouch! That really hurt!
* * * LOW HITPOINT WARNING * * *
The searing ray hits the ogre.
The ogre is almost dead.
* * * LOW MAGIC WARNING * * *
You finish channelling your searing ray.
The ogre hits you with a +0 giant club!
You die...

░░.....░ *░░,,,
░░░░░.░░░░.,,**
░.░░..,****
░.░░.░** ░.░░.░
░░░░....░ ░..O.░░░░
* ░░░░░░.░░.░ *
░.QO...░░.░ *
░.░░░░░░░O░ **
░.░░░░ ░.░░ *,
░....░░░░..░░░░ **,
░░░░..O.......░**,,
░░░░░░░.░░.....*
░.░**░..., ░.░
**.░* ░>░ **,**


You could see an ogre.

Vanquished Creatures
  A scorpion (D:5)
  A hound (D:5)
  4 orc priests
  An iguana (D:4)
  3 orc wizards
  3 gnolls
  8 adders
  A white imp (D:5)
  4 worms
  3 dart slugs
  14 orcs
  6 ball pythons (D:1)
  8 bats
  8 endoplasms
  A giant cockroach (D:2)
  12 goblins
  4 hobgoblins (D:1)
  10 jackals
  6 kobolds
  2 quokkas
  10 rats
110 creatures vanquished.

Vanquished Creatures (others)
  6 plants (D:2)
6 creatures vanquished.

Grand Total: 116 creatures vanquished

Notes
Turn   | Place    | Note
-------+----------+-------------------------------------------
     0 | D:1      | utis the Tengu Wanderer began the quest for the Orb.
     0 | D:1      | utis set off with the following items: a +0 dagger, a wand
                  | of flame (3), a scroll of silence {!r}, a +0 robe, a scroll
                  | of vulnerability; and the following spell memorised: Kiss
                  | of Death; and the following spells available to memorise:
                  | Searing Ray, Sticky Flame.
     0 | D:1      | Reached XP level 1. HP: 12/12 MP: 3/3
   152 | D:1      | Reached XP level 2. HP: 15/17 MP: 4/4
   159 | D:1      | Reached skill level 3 in Conjurations
   392 | D:1      | Reached skill level 1 in Necromancy
   462 | D:1      | Reached XP level 3. HP: 16/22 MP: 5/5
  1121 | D:2      | Reached XP level 4. HP: 20/27 MP: 6/6
  2035 | D:3      | Learned a level 2 spell: Searing Ray
  2144 | D:3      | Reached skill level 4 in Conjurations
  2227 | D:3      | Identified the +2 pair of gloves of the Heavens {rN+ Str+3}
  2372 | D:3      | Found a shadowy altar of Dithmenos.
  2377 | D:3      | Found a hide-covered altar of Uskayaw.
  2379 | D:3      | Found a hazy altar of Hepliaklqana.
  2381 | D:3      | Found a burning altar of Makhleb.
  2382 | D:3      | Found a bloodstained altar of Trog.
  2383 | D:3      | Found a white marble altar of Elyvilon.
  2466 | D:3      | Gained mutation: Your magical nature lets you fly swiftly
                  | and evasively. [Tengu growth]
  2466 | D:3      | Reached XP level 5. HP: 18/32 MP: 7/7
  3252 | D:4      | Reached skill level 5 in Conjurations
  3290 | D:4      | Learned a level 3 spell: Mephitic Cloud
  3394 | D:4      | Found a snail-covered altar of Cheibriados.
  3710 | D:4      | Reached XP level 6. HP: 36/36 MP: 1/9
  3908 | D:4      | Identified the amulet "Paker" {Faith Rampage Will+ Stlth-}
  3978 | D:4      | Found a sacrificial altar of Ru.
  4365 | D:4      | Reached skill level 1 in Air Magic
  4407 | D:4      | Reached skill level 1 in Poison Magic
  4756 | D:4      | Found a broken altar of Ashenzari.
  4757 | D:4      | Found a basalt altar of Yredelemnul.
  4795 | D:5      | Entered Level 5 of the Dungeon
  4954 | D:5      | Reached XP level 7. HP: 40/40 MP: 3/11
  5160 | D:5      | Learned a level 2 spell: Poisonous Vapours
  5163 | D:5      | Learned a level 2 spell: Cigotuvi's Dreadful Rot
  5234 | D:5      | Reached skill level 6 in Conjurations
  5440 | D:5      | Slain by an ogre

Illustrated notes

Levels and vault maps discovered:
D:1:      dpeg_arrival_water_temple_mockup, layout_rooms
D:2:      layout_basic, serial_bayou_lagoon_b
D:3:      layout_loops_ring, minitemple
D:4:      layout_loops_ring, nicolae_ru_path_of_blood, slow_altar_1,
          gammafunk_temple_overflow_statue
D:5:      layout_rooms, minmay_temple_entry_large_hall

Skill      XL: |  1  2  3  4  5  6  7 |
---------------+----------------------+-----
Conjurations   | 3 4 5 6 |  6.0
Necromancy     | 1 2 3 |  3.0
Dodging        | 3 |  3.2
Spellcasting   | 2 |  2.7
Air Magic      | 2 |  2.8
Poison Magic   | 1 2 |  2.0
Fighting       | |  2.8
Unarmed Combat | |  2.1
Evocations     | |  1.0

Action                     |  1- 3 |  4- 6 |  7- 9 || total
---------------------------+-------+-------+-------++-------
  Melee: Dagger            |   131 |   100 |       ||   231
         Kick              |    32 |    34 |       ||    66
         Peck              |    17 |    20 |       ||    37
         Punch             |     2 |     1 |       ||     3
         Flail             |       |    28 |       ||    28
  Throw: Javelin           |       |     2 |       ||     2
   Cast: Kiss of Death     |     1 |       |       ||     1
         Searing Ray       |       |    31 |     8 ||    39
         Poisonous Vapours |       |       |     1 ||     1
  Evoke: Wand              |     3 |       |       ||     3
    Use: Scroll            |       |     8 |       ||     8
   Stab: Distracted        |     1 |       |       ||     1
         Sleeping          |       |     1 |       ||     1
 Armour: Robe              |     3 |       |       ||     3
         Leather armour    |    31 |     7 |       ||    38
         Ring mail         |       |    28 |     1 ||    29
  Dodge: Dodged            |    84 |    89 |     2 ||   175

Table legend: (Time is in decaauts)
 A = Elapsed time spent in this place.
 B = Non-inter-level travel time spent in this place.
 C = Inter-level travel time spent in this place.
 D = Time resting spent in this place.
 E = Time spent auto-exploring this place.
 F = Levels seen in this place.
 G = Mean time per level.
                   A        B        C        D        E       F      G
               +--------+--------+--------+--------+--------+-----+--------+
         Total |   5309 |   5166 |    143 |   1585 |   2467 |   5 | 1061.8 |
       Dungeon |   5309 |   5166 |    143 |   1585 |   2467 |   5 | 1061.8 |
               +--------+--------+--------+--------+--------+-----+--------+

Top non-repeatable levels by time:
     D:4: 1514 daAuts
     D:3: 1199 daAuts
     D:2: 1139 daAuts
     D:1: 871 daAuts
     D:5: 585 daAuts
